 Dungeon Crawl Stone Soup version 0.17-a0-1105-gbe8b664 (webtiles) character file.

3420 Fluffy the Cleaver (level 10, -2/91 HPs)
             Began as a Hill Orc Fighter on May 21, 2015.
             Was a Priest of Okawaru.
             Splashed by a jelly's acid (9 damage)
             ... on level 8 of the Dungeon.
             The game lasted 00:19:28 (7080 turns).

Fluffy the Cleaver (Hill Orc Fighter)               Turns: 7080, Time: 00:19:29

Health: -2/91      AC: -1    Str: 20    XL:     10   Next: 5%
Magic:  13/15      EV: 11    Int:  8    God:    Okawaru [***...]
Gold:   267        SH: 11    Dex: 13    Spells: 0 memorised, 9 levels left

rFire  . . .     SeeInvis .     C - +0 hand axe (freeze)
rCold  . . .     Clarity  .     m - +2 chain mail {rPois}
rNeg   . . .     SustAb   .     c - +0 shield
rPois  +         Gourm    .     n - +0 helmet
rElec  .         Spirit   .     (no cloak)
rCorr  .         Warding  .     D - +0 pair of gloves
rMut   +         Stasis   .     (no boots)
MR     .....                    b - amulet of resist mutation
Stlth  ..........               q - ring of flight
                                p - +2 ring of evasion

@: heroism, corroded equipment, not resistant to hostile enchantments, extremely
unstealthy
A: no striking features
a: Heroism, Renounce Religion, Evoke Flight


You were on level 8 of the Dungeon.
You worshipped Okawaru.
Okawaru was most pleased with you.
You were not hungry.

You visited 1 branch of the dungeon, and saw 8 of its levels.
You also visited: Sewer.

You collected 267 gold pieces.

Inventory:

Hand weapons
 a - a +1 war axe
 C - a +0 hand axe of freezing (weapon)
Armour
 c - a +0 shield (worn)
 m - a +2 chain mail of poison resistance (worn)
 n - a +0 helmet (worn)
 D - a +0 pair of gloves (worn)
Jewellery
 b - an amulet of resist mutation (around neck)
 d - an uncursed ring of see invisible {unknown}
 p - a +2 ring of evasion (left hand)
 q - a ring of flight (right hand)
 y - an uncursed ring of ice
Magical devices
 z - a wand of confusion (27)
 B - a wand of fire (4)
Scrolls
 f - 2 scrolls of fear
 h - 2 scrolls of enchant armour
 t - 2 scrolls of blinking
 u - 2 scrolls of remove curse
 v - 2 scrolls of teleportation
 x - 3 scrolls of recharging
 A - a scroll of magic mapping
 F - 5 scrolls of identify
Potions
 g - a potion of agility
 j - 3 potions of flight
 k - 5 potions of curing
 o - a potion of ambrosia
 w - 2 potions of cancellation
 E - a potion of poison {unknown}
Comestibles
 e - 6 bread rations
 i - 3 meat rations
 l - 8 beef jerkies
 r - 4 fruits
 s - 2 slices of pizza


   Skills:
 + Level 9.4(14.4) Fighting
 + Level 9.8(14.8) Axes
 + Level 8.7(13.7) Armour
 - Level 3.2(8.2) Shields
 + Level 7.8 Invocations


You had 9 spell levels left.
You didn't know any spells.

Dungeon Overview and Level Annotations

Branches:
Dungeon (8/15)             Temple (0/1) D:7
   Lair: D:8-11

Altars:
Ashenzari
Fedhas
Gozag
Kikubaaqudgha
Makhleb
Nemelex Xobeh
Okawaru
Ru
Vehumet
Yredelemnul
Zin


Message History

You hit the jelly but do no damage.
The jelly is moderately wounded.
The jelly completely misses you.
You hit the jelly but do no damage.
The jelly is moderately wounded.
The jelly hits you.
* * * LOW HITPOINT WARNING * * *
You are splashed with acid!
The acid burns!
* * * LOW HITPOINT WARNING * * *
Use which ability? (? or * to list)
You gain the combat prowess of a mighty hero.
You feel slightly more hungry. The jelly hits you.
* * * LOW HITPOINT WARNING * * *
You are splashed with acid!
The acid corrodes your equipment!
The acid burns!
* * * LOW HITPOINT WARNING * * *
Drink which item? (? for menu, Esc to quit)
You feel better. The jelly hits you.
* * * LOW HITPOINT WARNING * * *
You are splashed with acid!
The acid burns!
You die...

##### #...# ### #...# #..
####...###### #..
#J@....##...## #..
......))##...#.....# #..
.....#####...#.....####..
.... #..................
... #.###.##..:.....#..
.. # #.##........#.. .
#.###.....#....
#....[.##.####.
#..######.# ##


You could see a jelly.

Vanquished Creatures
  A hill giant (D:6)
  Psyche (D:8)
  2 orc warriors
  Duvessa (D:5)
  Purgy (Sewer)
  A necrophage (D:6)
  2 ogres
  3 sky beasts
  An ice beast (D:7)
  A centaur (D:7)
  3 giant frogs
  A water moccasin skeleton (D:5)
  Dowan (D:5)
  3 killer bees (D:8)
  A scorpion (D:6)
  2 crimson imps
  6 orc wizards
  5 hounds
  A wasp zombie (D:8)
  2 iguanas
  Terence (D:2)
  Natasha (D:2)
  9 worker ants
  3 hound zombies
  4 hound skeletons
  Robin (D:2)
  2 river rats (D:3)
  9 adders
  A shadow imp (D:4)
  An adder zombie (D:5)
  An adder skeleton (D:7)
  5 giant geckos
  19 orcs
  A ball python (D:1)
  9 giant cockroaches
  24 goblins
  14 hobgoblins
  4 jackals
  7 bats
  A giant gecko skeleton (D:7)
  9 giant newts
  14 kobolds
  4 quokkas
  10 rats
193 creatures vanquished.

Vanquished Creatures (others)
  A human (D:4)
1 creature vanquished.

Grand Total: 194 creatures vanquished

Notes
Turn   | Place    | Note
--------------------------------------------------------------
     0 | D:1      | Fluffy the Hill Orc Fighter began the quest for the Orb.
     0 | D:1      | Reached XP level 1. HP: 19/19 MP: 1/1
    86 | D:1      | Reached XP level 2. HP: 27/27 MP: 2/2
   504 | D:2      | Noticed Terence
   780 | D:2      | Killed Terence
   780 | D:2      | Reached skill level 4 in Fighting
   780 | D:2      | Reached XP level 3. HP: 25/33 MP: 3/3
   860 | D:2      | Reached XP level 4. HP: 39/41 MP: 4/4
   914 | D:2      | Found an opulent altar of Gozag.
   949 | D:2      | Noticed Robin
   963 | D:2      | Killed Robin
  1361 | D:2      | Noticed Natasha
  1377 | D:2      | Killed Natasha
  1377 | D:2      | Reached XP level 5. HP: 33/47 MP: 5/5
  1595 | D:3      | Reached skill level 5 in Fighting
  1624 | D:3      | Reached skill level 5 in Axes
  1711 | D:3      | Found a glowing drain.
  1743 | D:3      | Reached XP level 6. HP: 21/56 MP: 6/6
  1756 | Sewer    | Entered a sewer
  1986 | Sewer    | Noticed Purgy
  1990 | Sewer    | Killed Purgy
  1990 | Sewer    | Reached skill level 5 in Armour
  2241 | D:3      | Found an iron altar of Okawaru.
  2249 | D:3      | Became a worshipper of Warmaster Okawaru
  2782 | D:3      | Found a sacrificial altar of Ru.
  2837 | D:4      | Found a basalt altar of Yredelemnul.
  2860 | D:4      | Reached skill level 1 in Invocations
  3058 | D:4      | Reached skill level 6 in Fighting
  3058 | D:4      | Reached XP level 7. HP: 50/63 MP: 7/7
  3205 | D:4      | Found an ancient bone altar of Kikubaaqudgha.
  3208 | D:4      | Noticed a human
  3211 | D:4      | Killed a human
  3686 | D:5      | Entered Level 5 of the Dungeon
  3835 | D:5      | Noticed Dowan
  4124 | D:5      | Killed Dowan
  4185 | D:5      | Noticed Duvessa
  4203 | D:5      | Killed Duvessa
  4203 | D:5      | Acquired Okawaru's first power
  4710 | D:6      | Reached skill level 7 in Axes
  4710 | D:6      | Reached XP level 8. HP: 58/71 MP: 10/10
  4885 | D:6      | Found a radiant altar of Vehumet.
  4911 | D:6      | Noticed a hill giant
  4970 | D:6      | Killed a hill giant
  4973 | D:6      | Reached skill level 8 in Axes
  4973 | D:6      | Reached skill level 5 in Invocations
  5057 | D:6      | Found a sparkling altar of Nemelex Xobeh.
  5211 | D:6      | Found an ancient bone altar of Kikubaaqudgha.
  5219 | D:6      | Found a blossoming altar of Fedhas.
  5281 | D:6      | Reached XP level 9. HP: 68/81 MP: 11/13
  5305 | D:6      | Found a burning altar of Makhleb.
  6251 | D:7      | Found a staircase to the Ecumenical Temple.
  6265 | D:7      | Reached skill level 9 in Axes
  6569 | D:7      | Found a shattered altar of Ashenzari.
  6573 | D:7      | Found a glowing silver altar of Zin.
  6788 | D:8      | Noticed Psyche
  6808 | D:8      | Killed Psyche
  7036 | D:8      | Reached XP level 10. HP: 86/91 MP: 15/15
  7079 | D:8      | HP: 1/91 [acid (8)]
  7080 | D:8      | Splashed by a jelly's acid

Vault maps used:
D:1:      dpeg_arrival_sounds_slurp
D:2:      nicolae_gozag_seed_capital, serial_bayou_pond_e, uniq_natasha,
          uniq_terence, uniq_robin
D:3:      lemuel_coloured_pillars_altar, nicolae_ru_path_of_blood,
          gup_sewer_entry_bubbles, first_bread
D:4:      nicolae_overflow_crystal_walls, minmay_misc_feat_diagonals,
          tgw_kikubaaqudgha
D:5:      st_stairs_3, uniq_duvessa
D:6:      grunt_temple_overflow_growth_and_decay, makhleb_blood_cavern_becter,
          old_standard_altar, nemelex_altar_shiori
D:7:      minitemple, temple_statues, mrwooster_statue_mirror, grunt_ogre_cave
D:8:      uniq_psyche, uniq_erolcha
Sewer:    kennysheep_door_sewer

Action                   |  1- 3 |  4- 6 |  7- 9 | 10-12 || total
-------------------------+-------+-------+-------+-------++-------
Melee: War axe           |    80 |   291 |   309 |       ||   680
       Unarmed           |       |       |     1 |       ||     1
       Hand axe          |       |       |   154 |    33 ||   187
Invok: Heroism           |       |       |     2 |     1 ||     3
Evoke: Wand              |       |       |     2 |       ||     2
  Use: Scroll            |       |    15 |     5 |       ||    20
       Potion            |       |       |     4 |     1 ||     5
 Stab: Invisible         |       |       |     2 |       ||     2
  Eat: Chunk             |       |     7 |    15 |       ||    22
